 Dungeon Crawl Stone Soup version 0.27-a0-328-g7f782ed93a (webtiles) character file.

Game seed: 4278140310887450710

56 Pooter the Magician (level 3, -5/25 HPs)
             Began as a Demonspawn Hedge Wizard on Feb 11, 2021.
             Killed from afar by a white imp (7 damage)
             ... with a puff of frost
             ... on level 2 of the Dungeon.
             The game lasted 00:14:30 (1509 turns).

Pooter the Magician (Demonspawn Hedge Wizard)       Turns: 1509, Time: 00:14:31

Health: -5/25      AC:  9    Str: 10    XL:     3   Next: 69%
Magic:  7/7        EV: 14    Int: 16    God:
Gold:   50         SH:  0    Dex: 12    Spells: 0/8 levels left

rFire    . . .     SeeInvis .   d - +1 dagger (protect)
rCold    . . .     Faith    .   (no shield)
rNeg     . . .     Spirit   .   l - +0 robe
rPois    .         Reflect  .   c - +0 hat
rElec    .         Harm     .   (no cloak)
rCorr    .         Rampage  .   (no gloves)
Will     .....                  (no boots)
Stlth    ++........             (no amulet)
HPRegen  0.08/turn              (no ring)
MPRegen  0.10/turn              (no ring)

@: protection aura
A: repulsion field 1
a: no special abilities


You were on level 2 of the Dungeon.
You visited 1 branch of the dungeon, and saw 2 of its levels.

You collected 50 gold pieces.

Inventory:

Hand Weapons
 a - a +0 spear
   (You found it on level 1 of the Dungeon)
 b - a +0 hunting sling
   (You took it off a goblin on level 2 of the Dungeon)
 d - a +1 dagger of protection (weapon)
   (You found it on level 2 of the Dungeon)
 f - a +0 hand axe
   (You found it on level 1 of the Dungeon)
Missiles
 Q - 56 stones (quivered)
Armour
 c - a +0 hat (worn)
 l - a +0 robe (worn)
Wands
 m - a wand of mindburst (14)
   (You found it on level 2 of the Dungeon)
Scrolls
 e - a scroll of amnesia {unknown}
 g - a scroll of identify {unknown}
 i - a scroll of magic mapping {unknown}
 j - a scroll of enchant armour {unknown}
 n - a scroll of immolation {unknown}
Potions
 h - a potion of brilliance {unknown}
 k - a potion of invisibility {unknown}
 o - a potion of curing {unknown}


   Skills:
 - Level 0.8 Fighting
 - Level 0.7 Polearms
 - Level 1.7 Dodging
 - Level 1.7 Stealth
 + Level 3.2 Spellcasting
 + Level 1.6 Conjurations
 + Level 1.6 Summonings
 + Level 1.4 Translocations
 * Level 0.6 Air Magic
 + Level 0.2 Poison Magic
 + Level 0.1 Evocations


You couldn't memorise any spells.
You knew the following spells:

 Your Spells              Type           Power        Failure   Level
a - Magic Dart            Conj           28%          10%         1
b - Call Imp              Summ           7%           14%         2
c - Blink                 Tloc           N/A          16%         2
d - Mephitic Cloud        Conj/Pois/Air  5%           36%         3

Your spell library contained the following spells:

 Spells                   Type           Power        Failure   Level
 Slow                     Hex            2%           28%         2
 Conjure Flame            Conj/Fire      5%           36%         3


Dungeon Overview and Level Annotations

Branches:
Dungeon (2/15)

Altars:


Innate Abilities, Weirdness & Mutations

You are surrounded by a mild repulsion field. (EV +2)


Message History

o - a cyan potion;
Q - 59 stones (gained 15)
You see here a dagger.
Found a scroll labelled CUEXUS XOYLOEMN.
A white imp is nearby!
You shoot a stone.
The stone hits the white imp but does no damage.
The white imp shouts, "Return whence thou came, thou unhinged spur-galled clam!"
You shoot a stone.
The stone hits the white imp but does no damage.
You shoot a stone. The stone hits the white imp.
The white imp disappears for a moment.
Your +1 dagger of protection hums with potential!
d - a +1 dagger of protection (weapon)
You hit the white imp but do no damage.
Your weapon exudes an aura of protection.
The white imp hits you but does no damage.
You hit the white imp but do no damage. The white imp closely misses you.
You hit the white imp but do no damage. The white imp gestures at you.
The puff of frost hits you!
You hit the white imp. The white imp closely misses you.
You barely miss the white imp. The white imp gestures at you.
The puff of frost misses you.
You hit the white imp. The white imp gestures at you.
The puff of frost misses you.
You barely miss the white imp. The white imp gestures at you.
The puff of frost hits you.
* * * LOW HITPOINT WARNING * * *
You hit the white imp but do no damage. The white imp gestures at you.
The puff of frost misses you.
You closely miss the white imp.
The white imp hits you but does no damage.
You closely miss the white imp. The white imp gestures at you.
The puff of frost hits you.
* * * LOW HITPOINT WARNING * * *
You closely miss the white imp.
The white imp hits you but does no damage.
You hit the white imp but do no damage. The white imp gestures at you.
The puff of frost hits you!
* * * LOW HITPOINT WARNING * * *
You barely miss the white imp. The white imp gestures at you.
The puff of frost hits you!
You die...

###.#### #..
#..)...# #.##
#.#.##.# ...
#.#..#.# ...
#.##)#.#
#.##.#.#
#......#
####.#####(..
#..@5.(..?.
#..####.###
#..# #...
#.## #. #. ##


You could see a white imp.

Vanquished Creatures
  3 adders (D:2)
  A worm (D:2)
  A dart slug (D:1)
  5 goblins
  4 hobgoblins
  A kobold (D:2)
  4 bats
  4 rats
23 creatures vanquished.

Vanquished Creatures (collateral kills)
  A goblin (D:2)
1 creature vanquished.

Grand Total: 24 creatures vanquished

Notes
Turn   | Place    | Note
-------+----------+-------------------------------------------
     0 | D:1      | Pooter the Demonspawn Hedge Wizard began the quest for the
                  | Orb.
     0 | D:1      | Reached XP level 1. HP: 13/13 MP: 4/4
    98 | D:1      | Reached skill level 1 in Translocations
   446 | D:1      | Gained mutation: You are surrounded by a mild repulsion
                  | field. (EV +2) [demonic ancestry]
   446 | D:1      | Reached XP level 2. HP: 13/20 MP: 6/6
  1068 | D:2      | Reached XP level 3. HP: 17/25 MP: 1/7
  1071 | D:2      | Learned a level 2 spell: Call Imp
  1075 | D:2      | Learned a level 3 spell: Mephitic Cloud
  1078 | D:2      | Learned a level 2 spell: Blink
  1509 | D:2      | Killed from afar by a white imp

Illustrated notes

Levels and vault maps discovered:
D:1:      sevenhm_arrival_forest_fort_small_5, layout_rooms
D:2:      layout_loops_cross, kennysheep_generic_room_14

Skill      XL: |  1 |
---------------+----+-----
Translocations | 1 |  1.4
Fighting       | |  0.8
Polearms       | |  0.7
Dodging        | |  1.7
Stealth        | |  1.7
Spellcasting   | |  3.2
Conjurations   | |  1.6
Summonings     | |  1.6
Air Magic      | |  0.6
Poison Magic   | |  0.2
Evocations     | |  0.1

Action                   || total
-------------------------++-------
Melee: Spear             ||    24
       Dagger            ||    19
 Fire: Hunting sling     ||    17
 Cast: Magic Dart        ||    37
       Call Imp          ||     1
Evoke: Wand              ||     1
 Stab: Sleeping          ||     2
Armor: Robe              ||     9
Dodge: Dodged            ||    28

Table legend: (Time is in decaauts)
 A = Elapsed time spent in this place.
 B = Non-inter-level travel time spent in this place.
 C = Inter-level travel time spent in this place.
 D = Time resting spent in this place.
 E = Time spent auto-exploring this place.
 F = Levels seen in this place.
 G = Mean time per level.
                   A        B        C        D        E       F      G
               +--------+--------+--------+--------+--------+-----+--------+
         Total |   1511 |   1502 |      9 |    626 |    593 |   2 |  755.5 |
       Dungeon |   1511 |   1502 |      9 |    626 |    593 |   2 |  755.5 |
               +--------+--------+--------+--------+--------+-----+--------+

Top non-repeatable levels by time:
     D:1: 911 daAuts
     D:2: 600 daAuts
